 Dungeon Crawl Stone Soup version 0.21-a0-88-g13b9641 (webtiles) character file.

67 Lavandula the Bolt Thrower (level 3, -5/26 HPs)
             Began as a Mummy Arcane Marksman on June 26, 2017.
             Shot with an arrow by a centaur (9 damage)
             ... on level 3 of the Dungeon.
             The game lasted 00:05:14 (1914 turns).

Lavandula the Bolt Thrower (Mummy Arcane Marksman)  Turns: 1914, Time: 00:05:15

Health: -5/26      AC:  5    Str: 13    XL:     3   Next: 98%
Magic:  4/5        EV: 10    Int: 12    God:
Gold:   154        SH:  0    Dex: 13    Spells: 1/4 levels left

rFire    x . .     SeeInvis .   k - +0 falchion (pain)
rCold    + . .     Gourm    .   (no shield)
rNeg     + + +     Faith    .   j - +0 ring mail
rPois    ∞         Spirit   .   (no helmet)
rElec    .         Reflect  .   (no cloak)
rCorr    .         Harm     .   (no gloves)
MR       .....                  (no boots)
Stlth    +.........             (no amulet)
HPRegen  0.08/turn              (no ring)
MPRegen  0.09/turn              (no ring)

@: no status effects
A: no food or potions, fire vulnerability, cold resistance 1, negative energy
resistance 3, torment resistance, unbreathing
a: no special abilities


You were on level 3 of the Dungeon.
You were not hungry.

You visited 1 branch of the dungeon, and saw 3 of its levels.

You collected 154 gold pieces.

Inventory:

Hand Weapons
 a - a +0 hand crossbow
 h - a +0 dagger
 k - a +0 falchion of pain (weapon)
Missiles
 d - 31 bolts
Armour
 e - a +0 robe
 j - a +0 ring mail (worn)
Jewellery
 b - an uncursed ring of wizardry {unknown}
 m - a cursed -6 ring of intelligence {unknown}
Scrolls
 f - a scroll of amnesia
 g - a scroll of teleportation {unknown}
 i - a scroll of remove curse {unknown}
 l - a scroll of identify
 n - a scroll of enchant weapon {unknown}
Books
 c - a book of Debilitation

   Spells                             Type                      Level
   a - Corona                         Hexes                        1
   b - Slow                           Hexes                        2
   c - Inner Flame                    Hexes/Fire                   3
   d - Portal Projectile              Hexes/Translocation          3
   e - Cause Fear                     Hexes                        4
   f - Leda's Liquefaction            Hexes/Earth                  4


   Skills:
 - Level 1.0 Fighting
 + Level 3.5 Crossbows
 - Level 1.5 Dodging
 - Level 1.3 Spellcasting
 - Level 2.6 Hexes


You had one spell level left.
You knew the following spells:

 Your Spells              Type           Power        Failure   Level  Hunger
a - Corona                Hex            #......      22%         1    N/A
b - Slow                  Hex            #.......     32%         2    N/A

Dungeon Overview and Level Annotations

Branches:
Dungeon (3/15)

Altars:


Innate Abilities, Weirdness & Mutations

You do not eat or drink.
Your flesh is vulnerable to fire.
You are immune to poison.
Your flesh is cold resistant. (rC+)
You are immune to negative energy. (rN+++)
You are immune to unholy pain and torment.
You can survive without breathing.


Message History

The kobold shoots a poisoned needle.
The poisoned needle barely misses you.
The centaur wields a shortbow.
The centaur shoots an arrow.
The arrow hits you!
The kobold shoots a poisoned needle.
The poisoned needle hits you!
Things that are here:
a poisoned needle; an arrow Unknown command.
You aren't carrying any items that you can evoke.
Unknown command.
Okay, then.
Sorry, you're not good enough to have a special ability.
Unknown command.
As you read the scroll labeled QALOIN EPASCH, it crumbles to dust.
It is a scroll of identify.
f - a scroll of amnesia The centaur shoots an arrow.
The arrow hits you!
Ouch! That really hurt!
* * * LOW HITPOINT WARNING * * *
The kobold shoots a poisoned needle.
The poisoned needle barely misses you.
The centaur shoots an arrow.
The arrow hits you!
You die...

........#########.#####
........................
.........#########.#####
.....<...# #........##..
.........###+###........
.........(.....#..#....#
...................>....
.........#....#.......#.
..c....@.#.....#.######.
.........#.....#........
.........#.....#########
.....K...#.÷........!...
.........#.....#########
.........#.....#### #..
.........##.......# #.#
.........##.......# #.#
#.......# #.#


You could see a centaur and a kobold.

Vanquished Creatures
  An adder (D:2)
  3 worms (D:2)
  A dart slug (D:2)
  6 giant cockroaches
  4 goblins
  8 hobgoblins
  5 kobolds
  9 bats
  4 frilled lizards
  5 rats
46 creatures vanquished.

Notes
Turn   | Place    | Note
-------+----------+-------------------------------------------
     0 | D:1      | Lavandula the Mummy Arcane Marksman began the quest for the Orb.
     0 | D:1      | Reached XP level 1. HP: 15/15 MP: 2/2
    88 | D:1      | Reached skill level 2 in Crossbows
   345 | D:1      | Reached XP level 2. HP: 21/21 MP: 4/4
   789 | D:1      | Learned a level 2 spell: Slow
   893 | D:2      | Reached XP level 3. HP: 25/26 MP: 3/5
   969 | D:2      | Reached skill level 3 in Crossbows
  1008 | D:2      | Found a faded altar of an unknown god.
  1912 | D:3      | Noticed a centaur
  1914 | D:3      | Shot with an arrow by a centaur

Vault maps used:
D:1:      dpeg_arrival_leaves_temple_mockup, hangedman_glass_teeth,
          corexii_leaking_fountain
D:2:      chequers_ecumenical_altar_simple_redux

Skill      XL: |  1  2  3 |
---------------+----------+-----
Crossbows      | 2 3 |  3.5
Fighting       | |  1.0
Dodging        | |  1.5
Spellcasting   | |  1.3
Hexes          | |  2.6

Action                   || total
-------------------------++-------
Melee: Dagger            ||    50
       Unarmed           ||     5
       Falchion          ||    14
 Fire: Hand crossbow     ||    69
 Cast: Corona            ||    30
  Use: Scroll            ||     1
Armor: Robe              ||     7
       Ring mail         ||    24
Dodge: Dodged            ||    50
       Rpst.: Falchion   ||     1
